Description

fixed timings of previous 2gate proxy robo build

Build Order

Get SALT Encoding   

  14  0:18  Pylon  
  15  0:37  Gateway  
  16  0:49  Assimilator  
  17  0:56  Assimilator  
  19  1:08  Gateway  
  20  1:25  Cybernetics Core  
  22  1:41  Pylon  
  23  2:01  Adept x2  
  26  2:04  Robotics Facility  
  26  2:07  Warp Gate  
  27  2:10  Pylon  
  27  2:31  Stalker x2  
  31  2:41  Immortal (Chrono Boost)  
  35  3:00  Pylon  
  35  3:02  Stalker x2  
  39  3:20  Warp Prism (Chrono Boost)  
  41  3:27  Pylon  
  41  3:46  Immortal  
  45  3:54  Sentry x2  
  45  3:55  Action  Keep building more immortals and chrono them, hold bottom ramp, dont let opponent take naturral
Spawning Tool Build Advisor. Get it on Overwolf

Go to:

Details

  • Created by: FlatHippo
  • Published on: Nov 03, 2021
  • Modified on: Nov 03, 2021
  • Patch: 4.11.0
  • Difficulty: Easy
Show
View Real Time Build Order
Export as new Build Order

Comments (1)

On Jan. 19, 2022, 12:01 a.m., Loddan  said:

Bro. This is literally impossible.
2:04 Robotics Facility
2:41 Immortal (Chrono Boost)

Robo bay takes 46 seconds to build and finishes at 2:50

Create an account to comment!